 Dungeon Crawl Stone Soup version 0.32-a0-961-gd60f5e5fc7 (webtiles) character file.

Game seed: 8343463950613710528

2005 Oneirical the Magician (level 9, -3/39 HPs)
             Began as a Felid Conjurer on Apr 15, 2024.
             Was an Initiate of Sif Muna.
             Killed from afar by an acid dragon (16 damage)
             ... with a splash of acid
             ... on level 6 of the Dungeon on Apr 17, 2024.
             The game lasted 00:11:29 (6140 turns).

Oneirical the Magician (Felid Conjurer)             Turns: 6140, Time: 00:11:30

Health: -3/39      AC:  2    Str:  3    XL:     9   Next: 2%
Magic:  11/21      EV: 16    Int: 25    God:    Sif Muna [......]
Gold:   178        SH:  0    Dex: 16    Spells: 12/23 levels left
                                        Lives:  0   Deaths: 3

rFire   . . .        (weapon unavailable)
rCold   . . .        (shield unavailable)
rNeg    . . .        (body armour unavailable)
rPois   .            (helmet unavailable)
rElec   .            (cloak unavailable)
rCorr   .            (gloves unavailable)
SInv    +            (boots unavailable)
Will    +....        (no amulet)
Stlth   ++           (no ring)
HPRegen 0.26/turn    (no ring)
MPRegen 0.17/turn

%: no passive effects
@: no status effects
A: very small, claws 1, fangs 3, see invisible, shaggy fur 2, stealthy paws, no
weapons or thrown items, no armour, multi-lived
a: Renounce Religion


You were on level 6 of the Dungeon.
You worshipped Sif Muna.
Sif Muna was noncommittal.
You visited 1 branch of the dungeon, and saw 6 of its levels.

You collected 332 gold pieces.
You spent 154 gold pieces at shops.

Inventory:

Jewellery
 h - a ring of magical power
 i - a +4 ring of slaying
 j - a ring of magical power
 k - an amulet of the acrobat
 s - a ring of resist corrosion
Wands
 a - a wand of flame (14)
 l - a wand of charming (9)
 o - a wand of warping (8)
Scrolls
 b - 5 scrolls of identify
 d - 2 scrolls of fear
 f - 8 scrolls of teleportation
 m - a scroll of acquirement {unknown}
 n - 2 scrolls of fog {unknown}
 p - 2 scrolls of blinking {unknown}
 q - 2 scrolls of enchant armour {unknown}
Potions
 c - a potion of brilliance
 e - a potion of haste
 g - 2 potions of degeneration
 r - 2 potions of curing {unknown}


   Skills:
 - Level 2.6 Dodging
 - Level 2.6 Stealth
 + Level 7.7 Spellcasting
 - Level 6.0 Conjurations
 + Level 1.3 Translocations
 - Level 6.0 Alchemy


You had 12 spell levels left.
You knew the following spells:

 Your Spells              Type           Power      Damage    Failure   Level
a - Magic Dart            Conj           100%       1d8       1%          1
b - Searing Ray           Conj           78%        2d7       1%          2
c - Fulminant Prism       Conj/Alch      19%        3d10      5%          4
d - Iskenderun's Mystic Conj/Tloc 28%            2d7        (+2d3     14%         4

Your spell library contained the following spells:

 Spells                   Type           Power      Damage    Failure   Level
 Kiss of Death            Conj/Necr      96%        2d12      1%          1
 Sting                    Conj/Alch      100%       1d9       1%          1
 Apportation              Tloc           32%        N/A       3%          1
 Necrotise                Necr           36%        1d5       6%          1
 Summon Small Mammal      Summ           36%        N/A       6%          1
 Teleport Other           Tloc           16%        N/A       11%         3
 Confusing Touch          Hex            9%         N/A       19%         3
 Airstrike                Air            4%         2d(1-17)  52%         4
 Dispel Undead            Necr           9%         3d8       52%         4
 Conjure Ball Lightning   Conj/Air       12%        3x3d6     95%         6
 Dispersal                Tloc           8%         N/A       99%         6


Dungeon Overview and Level Annotations

Branches:
Dungeon (6/15)             Temple (0/1) D:6

Altars:
Ashenzari
Nemelex Xobeh
Okawaru
Qazlal
Sif Muna
Trog
The Shining One

Shops:
D:4 *:?(?


Innate Abilities, Weirdness & Mutations

You have sharp claws.
You have razor-sharp teeth.
You have supernaturally acute eyesight. (SInv)
You are covered in thick fur. (AC +2)
Your paws help you pounce on unaware monsters.
You are incapable of wielding weapons or throwing items.
You cannot wear armour.
You gain extra lives every three experience levels.


Message History

Aiming: Fulminant Prism (quite dangerous; 6% risk of failure)
Press: ? - help, Dir - move target You conjure a prism of explosive energy!
The acid dragon roars!
The centaur shouts!
A fulminant prism comes into view.
The centaur shoots an arrow.
The arrow hits you!
You hear a loud crackle.
You hear an explosion!
Casting: Fulminant Prism (quite dangerous; 6% risk of failure)
Confirm with . or Enter, or press ? or * to list all spells.
Aiming: Fulminant Prism (quite dangerous; 6% risk of failure)
Press: ? - help, Dir - move target You conjure a prism of explosive energy!
A fulminant prism comes into view.
The centaur shoots an arrow.
The arrow hits you.
The centaur shoots an arrow.
The arrow hits you!
Your fulminant prism crackles loudly.
Your fulminant prism explodes!
The blast of energy engulfs the acid dragon.
The acid dragon is severely wounded.
The blast of energy engulfs the centaur!
You kill the centaur!
Sif Muna accepts your kill.
You hear an angry hiss.
Your Translocations skill increases to level 1!
You have reached level 9!
Your experience leads to an increase in your attributes!
Increase (S)trength, (I)ntelligence, or (D)exterity?
You feel clever. x2
Casting: Fulminant Prism (quite dangerous; 5% risk of failure)
Confirm with . or Enter, or press ? or * to list all spells.
Aiming: Searing Ray (safe; 1% risk of failure)
Press: ? - help, Shift-Dir - straight line, f - acid dragon
Aim: an acid dragon (severely wounded, 81% to hit)
The searing ray hits the acid dragon.
The acid dragon is almost dead. (Press . to maintain the ray.)
The acid dragon spits acid at you. The splash of acid hits you!
You die...

....###### #.#.#
#.#.###### #.#......#
#.######.# #.# #.# ##
#.# #.# .# #.#### #.#
#######.#
.....###.#####..@.$..#
##.#...........####D.#
#...###.####### ..##
###.## #.# ## .*D.
#...####.# .. .ß.ß.#
#.##.....# .# .c(⌠...
#.##.##### )..ß.>.ß..#
#.##.# .#..⌠.⌠...#
#.##.# .# .ß.


You could see an acid dragon (catching breath).

Vanquished Creatures
  2 black bears
  An ice beast (D:5)
  3 ogres
  A centaur (D:6)
  A phantom (D:4)
  Blork the orc (D:6)
  2 scorpions
  5 wights (D:6)
  3 howler monkeys (D:5)
  3 bombardier beetles
  A gnoll bouda (D:5)
  3 hounds
  2 orc priests
  3 sleepcaps
  Ijyb (D:5)
  4 iguanas
  3 orc wizards
  7 gnolls
  4 adders
  2 ufetubi (D:6)
  2 dart slugs
  3 ribbon worms (D:2)
  5 orcs
  4 bats (D:3)
  8 endoplasms
  3 giant cockroaches
  6 goblins
  7 hobgoblins
  6 jackals
  4 quokkas
  5 ball pythons
  A frilled lizard (D:2)
  9 kobolds
  6 rats
121 creatures vanquished.

Vanquished Creatures (others)
  20 fulminant prisms
20 creatures vanquished.

Grand Total: 141 creatures vanquished

Notes
Turn   | Place    | Note
-------+----------+-------------------------------------------
     0 | D:1      | Oneirical the Felid Conjurer began the quest for the Orb.
     0 | D:1      | Reached XP level 1. HP: 9/9 MP: 4/4
   260 | D:1      | Reached XP level 2. HP: 13/13 MP: 1/6
   558 | D:1      | Learned a level 2 spell: Searing Ray
   844 | D:2      | Reached XP level 3. HP: 16/16 MP: 1/8
  1381 | D:2      | Reached skill level 3 in Spellcasting
  1463 | D:2      | Upgraded the game from 0.32-a0-938-g40ac7a0f4d to
                  | 0.32-a0-961-gd60f5e5fc7
  2106 | D:3      | Reached XP level 4. HP: 21/21 MP: 5/9
  2106 | D:3      | Gained a life (2 lives remaining)
  2551 | D:3      | Found a sparkling altar of Nemelex Xobeh.
  2772 | D:4      | Found Uffaong's Magic Scroll Shoppe.
  2806 | D:4      | Bought a scroll of teleportation for 42 gold pieces
  2806 | D:4      | Bought a scroll of identify for 28 gold pieces
  2806 | D:4      | Bought a scroll of fear for 56 gold pieces
  2806 | D:4      | Bought a scroll of identify for 28 gold pieces
  2828 | D:4      | Reached XP level 5. HP: 20/24 MP: 5/11
  2836 | D:4      | Learned a level 4 spell: Fulminant Prism
  2847 | D:4      | Noticed a phantom
  2861 | D:4      | Killed a phantom
  2862 | D:4      | Reached skill level 4 in Spellcasting
  2862 | D:4      | Reached skill level 5 in Conjurations
  2862 | D:4      | Reached skill level 1 in Alchemy
  2981 | D:4      | Found Tokkiufa's Magic Scroll Shoppe.
  2990 | D:4      | Noticed an ogre
  2998 | D:4      | HP: 1/24 [poison]
  2999 | D:4      | Succumbed to poison
  2999 | D:4      | Lost a life (1 life remaining)
  3051 | D:4      | Killed an ogre
  3052 | D:4      | Gained mutation: You are covered in thick fur. (AC +2)
                  | [Felid growth]
  3052 | D:4      | Reached XP level 6. HP: 28/28 MP: 5/13
  3164 | D:4      | Found Vuzeum's Book Shoppe.
  3454 | D:4      | Found Vinuvvoe's Weapon Boutique.
  3694 | D:4      | Found Qyvevimp's General Store.
  3785 | D:5      | Entered Level 5 of the Dungeon
  3884 | D:5      | Reached XP level 7. HP: 32/32 MP: 6/15
  3884 | D:5      | Gained a life (2 lives remaining)
  4000 | D:5      | Reached skill level 5 in Spellcasting
  4143 | D:5      | Noticed Ijyb
  4152 | D:5      | Killed Ijyb
  4463 | D:5      | Got the Incunabulum of Translocated Fog
  4860 | D:5      | Reached XP level 8. HP: 36/36 MP: 8/17
  4874 | D:5      | Reached skill level 6 in Spellcasting
  5133 | D:5      | Found a shimmering blue altar of Sif Muna.
  5134 | D:5      | Found a glowing golden altar of the Shining One.
  5137 | D:5      | Found a broken altar of Ashenzari.
  5139 | D:5      | Found a bloodstained altar of Trog.
  5141 | D:5      | Found a stormy altar of Qazlal.
  5153 | D:5      | Became a worshipper of Sif Muna the Loreminder
  5451 | D:6      | Noticed Blork the orc
  5458 | D:6      | Killed Blork the orc
  5459 | D:6      | Reached skill level 5 in Alchemy
  5579 | D:6      | Shot with an arrow by a centaur
  5579 | D:6      | Lost a life (1 life remaining)
  5583 | D:6      | Found an iron altar of Okawaru.
  5878 | D:6      | Reached skill level 7 in Spellcasting
  5905 | D:6      | Slain by an acid dragon
  5905 | D:6      | Lost a life (0 lives remaining)
  6002 | D:6      | Learned a level 4 spell: Iskenderun's Mystic Blast
  6132 | D:6      | Found a staircase to the Ecumenical Temple.
  6140 | D:6      | Reached skill level 1 in Translocations
  6140 | D:6      | Reached XP level 9. HP: 13/39 MP: 13/21
  6140 | D:6      | Killed from afar by an acid dragon

Illustrated notes

Levels and vault maps discovered:
D:1:      dpeg_arrival_tiny_i, layout_rooms
D:2:      layout_rooms
D:3:      layout_rooms, mainiacjoe_overflow_surrounded_room, st_stairs_10
D:4:      layout_cave_pools, serial_shops, kennysheep_mini, shop, shop,
          nicolae_shop_rolling_square, shop
D:5:      kennysheep_six_static_rooms, layout_basic, grunt_temple_overflow_open,
          kennysheep_decorative_pillar, uniq_ijyb
D:6:      layout_loops_ring, okawaru_ov_weapons_minmay,
          minmay_temple_entry_statues_fountains, uniq_blork_the_orc

Skill      XL: |  1  2  3  4  5  6  7  8 |
---------------+-------------------------+-----
Conjurations   | 4 5 6 |  6.0
Spellcasting   | 3 4 5 7 |  7.7
Alchemy        | 1 2 4 6 |  6.0
Translocations | 1 |  1.3
Dodging        | |  2.6
Stealth        | |  2.6

Action                     |  1- 3 |  4- 6 |  7- 9 || total
---------------------------+-------+-------+-------++-------
  Melee: Unarmed           |     3 |     4 |       ||     7
         Bite              |       |     2 |       ||     2
   Cast: Magic Dart        |    47 |    26 |    12 ||    85
         Searing Ray       |    22 |    20 |    29 ||    71
         Fulminant Prism   |       |     5 |    15 ||    20
  Evoke: Wand              |       |     2 |     4 ||     6
    Use: Scroll            |       |     3 |       ||     3
         Potion            |       |     1 |       ||     1
 Armour: Skin              |     4 |     6 |    13 ||    23
  Dodge: Dodged            |    18 |    25 |    31 ||    74

Table legend: (Time is in decaauts)
 A = Elapsed time spent in this place.
 B = Non-inter-level travel time spent in this place.
 C = Inter-level travel time spent in this place.
 D = Time resting spent in this place.
 E = Time spent auto-exploring this place.
 F = Levels seen in this place.
 G = Mean time per level.
                   A        B        C        D        E       F      G
               +--------+--------+--------+--------+--------+-----+--------+
         Total |   6139 |   6064 |     75 |    175 |   5047 |   6 | 1023.2 |
       Dungeon |   6139 |   6064 |     75 |    175 |   5047 |   6 | 1023.2 |
               +--------+--------+--------+--------+--------+-----+--------+

Top non-repeatable levels by time:
     D:5: 1767 daAuts
     D:2: 1031 daAuts
     D:4: 1012 daAuts
     D:3: 949 daAuts
     D:1: 790 daAuts
     D:6: 588 daAuts
